 Dungeon Crawl Stone Soup version 0.25-a0-785-gb22c70e859 (webtiles) character file.

Game seed: 5361534374129102064, levelgen mode: deterministic

2267 mortelune the Slicer (level 9, -2/59 HPs)
             Began as a Kobold Hunter on Apr 17, 2020.
             Was a Follower of Okawaru.
             Slain by Harold
             ... wielding a +2 mace of protection
              (10 damage)
             ... on level 7 of the Dungeon on Apr 18, 2020.
             The game lasted 00:14:03 (7200 turns).

mortelune the Slicer (Kobold Hunter)                Turns: 7200, Time: 00:14:04

Health: -2/59      AC: 11    Str: 12    XL:     9   Next: 65%
Magic:  18/18      EV: 16    Int: 10    God:    Okawaru [*.....]
Gold:   183        SH:  0    Dex: 17    Spells: 8/8 levels left

rFire    . . .     SeeInvis +   b - +2 rapier (vamp)
rCold    . . .     Gourm    .   (shield restricted)
rNeg     . . .     Faith    .   E - +0 ring mail
rPois    .         Spirit   .   j - +0 helmet
rElec    .         Reflect  .   i - +2 cloak
rCorr    .         Harm     .   D - +0 pair of gloves of the Gardener {MP+9 Int-3 Dex+2 Stlth+} (curse)
MR       .....                  u - +0 pair of boots
Stlth    ++........             (no amulet)
HPRegen  0.19/turn              m - ring of see invisible
MPRegen  0.16/turn              k - ring of flight

@: marked, lightly drained
A: small, carnivore
a: Heroism, Renounce Religion, Evoke Flight


You were on level 7 of the Dungeon.
You worshipped Okawaru.
Okawaru was aware of your devotion.
You were very full.

You visited 2 branches of the dungeon, and saw 8 of its levels.

You collected 392 gold pieces.
You spent 209 gold pieces at shops.

Inventory:

Hand Weapons
 a - a +1 hand crossbow
 b - a +2 vampiric rapier (weapon)
 z - a +0 short sword
 G - a +0 rapier
Missiles
 d - 6 bolts
Armour
 c - a +0 leather armour
 i - a +2 cloak (worn)
 j - a +0 helmet (worn)
 o - a +0 leather armour
 p - a +0 pair of gloves
 u - a +0 pair of boots (worn)
 B - a cursed +0 scale mail
 D - the cursed +0 pair of gloves of the Gardener (worn) {MP+9 Int-3 Dex+2 Stlth+}
   (You found it on level 4 of the Dungeon)

   It affects your intelligence (-3).
   It affects your dexterity (+2).
   It affects your magic capacity (+9).
   It makes you more stealthy.
   It has a curse placed upon it.
 E - a +0 ring mail (worn)
 F - the +2 robe "Hoaps" {rN++ Dex-2}
   (You found it on level 4 of the Dungeon)

   It affects your dexterity (-2).
   It greatly protects you from negative energy.
Jewellery
 k - a ring of flight (right hand)
 l - an uncursed ring of protection from fire
 m - a ring of see invisible (left hand)
Wands
 J - a wand of acid (6)
Scrolls
 e - a scroll of fear
 g - 5 scrolls of identify
 n - 4 scrolls of remove curse
 q - a scroll of amnesia
 t - 3 scrolls of enchant weapon
 v - 2 scrolls of random uselessness
 w - 4 scrolls of teleportation
 x - a scroll of fog
 y - a scroll of enchant armour
 H - a scroll of magic mapping
Potions
 h - a potion of stabbing
 r - a potion of mutation
 s - a potion of magic
 A - 3 potions of curing
 C - 2 potions of heal wounds
 I - a potion of berserk rage {unknown}
 K - a potion of brilliance {unknown}
Comestibles
 f - 16 rations


   Skills:
 * Level 8.1(8.0) Fighting
 * Level 9.1(8.9) Short Blades
 + Level 7.6(7.5) Crossbows
 + Level 6.2(6.1) Dodging
 - Level 1.3(1.2) Stealth


You had 8 spell levels left.
You didn't know any spells.
Your spell library was empty.

Dungeon Overview and Level Annotations

Branches:
Dungeon (7/15)             Temple (1/1) D:5

Altars:
Ashenzari
Dithmenos
Elyvilon
Fedhas
Gozag
Hepliaklqana
Kikubaaqudgha
Makhleb
Nemelex Xobeh
Okawaru
Qazlal
Ru
Sif Muna
Trog
Uskayaw
Vehumet
Wu Jian
Xom
Yredelemnul
Zin
The Shining One

Shops:
D:4 *}![

Annotations:
D:7 Harold


Innate Abilities, Weirdness & Mutations

You are small and have problems with some larger weapons.
You are carnivorous and can eat meat at any time.


Message History

Okawaru accepts your kill.
You hit Harold but do no damage.
Harold is severely wounded.
You hit Harold but do no damage.
Harold is severely wounded.
Harold barely misses you.
You hit Harold but do no damage.
Harold is severely wounded.
Harold points at you and mumbles some strange words.
The mark upon you grows brighter.
You hit Harold but do no damage.
Harold is severely wounded.
You puncture Harold!
Harold is almost dead.
Harold hits you with a +2 mace of protection!
* * * LOW HITPOINT WARNING * * *
You hit Harold but do no damage.
Harold is almost dead.
Harold hits you with a +2 mace of protection!
You die...

.......###..# ##..
#......# #..# #...
#.....####..####..##
#.###^............. #.#
######..####..# #.# #..#
#..##.##( #.# #..#
#.((.(((. #.# #..# #@#
#.# #..####@# #.#
#....##.# #.# #.##.##.#
#.# #.##.##.# #.####
#.##.##.###### #....#
#..............
####.########.##.#######
#.............#
####..........####


You could see Harold.

Vanquished Creatures
  Grinder (D:3)
  A hippogriff (D:7)
  Sigmund (D:4)
  Menkaure (D:5)
  Edmund (D:4)
  A phantom (D:5)
  3 ogres
  A centaur (D:5)
  2 scorpions
  4 wights (D:6)
  A bullfrog zombie (D:6)
  4 crimson imps
  2 centaur zombies
  A jelly (D:5)
  An orc priest (D:3)
  4 orc wizards
  Terence (D:3)
  4 worker ants
  A hound skeleton (D:4)
  2 worker ant zombies
  A howler monkey skeleton (D:5)
  9 adders
  2 shadow imps (D:6)
  An adder zombie (D:5)
  3 worms
  3 dart slugs
  3 leopard geckos
  21 orcs
  4 giant cockroaches
  6 goblins
  6 hobgoblins
  16 jackals
  4 kobolds
  4 quokkas
  A ball python (D:5)
  6 bats
  6 frilled lizards
  A rat (D:2)
134 creatures vanquished.

Notes
Turn   | Place    | Note
-------+----------+-------------------------------------------
     0 | D:1      | mortelune the Kobold Hunter began the quest for the Orb.
     0 | D:1      | Reached XP level 1. HP: 12/12 MP: 1/1
   148 | D:1      | Reached skill level 1 in Short Blades
   148 | D:1      | Reached XP level 2. HP: 18/18 MP: 2/2
   786 | D:1      | Reached skill level 5 in Crossbows
   928 | D:2      | Reached XP level 3. HP: 22/22 MP: 3/3
   998 | D:2      | Found a glowing golden altar of the Shining One.
  1021 | D:2      | Reached skill level 2 in Short Blades
  1343 | D:2      | Reached XP level 4. HP: 27/28 MP: 4/4
  2114 | D:3      | Reached skill level 3 in Short Blades
  2114 | D:3      | Reached XP level 5. HP: 30/32 MP: 5/5
  2173 | D:3      | Noticed Grinder
  2176 | D:3      | Paralysed by Grinder for 6 turns
  2201 | D:3      | Paralysed by Grinder for 6 turns
  2214 | D:3      | Killed Grinder
  2214 | D:3      | Reached skill level 4 in Short Blades
  2214 | D:3      | Reached XP level 6. HP: 8/39 MP: 6/6
  2665 | D:3      | Reached XP level 7. HP: 35/44 MP: 7/7
  2685 | D:3      | Noticed Terence
  2693 | D:3      | Killed Terence
  3037 | D:4      | Reached skill level 5 in Fighting
  3070 | D:4      | Reached skill level 5 in Short Blades
  3084 | D:4      | Found Suh Xay's Distillery.
  3090 | D:4      | Bought a potion of curing for 33 gold pieces
  3090 | D:4      | Bought a potion of invisibility for 88 gold pieces
  3090 | D:4      | Bought a potion of heal wounds for 55 gold pieces
  3090 | D:4      | Bought a potion of curing for 33 gold pieces
  3137 | D:4      | Found Qorphyhin's Antique Armour Boutique.
  3223 | D:4      | Got a pair of shimmering gloves
  3234 | D:4      | Identified the cursed +0 pair of gloves of the Gardener
                  | {MP+9 Int-3 Dex+2 Stlth+} (You found it on level 4 of the
                  | Dungeon)
  3310 | D:4      | Noticed Edmund
  4004 | D:4      | Killed Edmund
  4106 | D:4      | Found Naroik's Assorted Antiques.
  4132 | D:4      | Reached XP level 8. HP: 51/51 MP: 8/8
  4201 | D:4      | Found Ampeog's Gadget Shop.
  4208 | D:4      | Noticed Sigmund
  4215 | D:4      | Killed Sigmund
  4215 | D:4      | Reached skill level 6 in Short Blades
  4514 | D:4      | Got a slimy robe
  4525 | D:4      | Identified the +2 robe "Hoaps" {rN++ Dex-2} (You found it
                  | on level 4 of the Dungeon)
  4864 | D:5      | Entered Level 5 of the Dungeon
  4932 | D:5      | Reached skill level 5 in Dodging
  4937 | D:5      | Reached skill level 7 in Short Blades
  5342 | D:5      | Noticed Menkaure
  5343 | D:5      | Found a staircase to the Ecumenical Temple.
  5362 | D:5      | Reached XP level 9. HP: 53/57 MP: 9/9
  5377 | D:5      | Killed Menkaure
  5448 | Temple   | Entered the Ecumenical Temple
  5640 | Temple   | Became a worshipper of Warmaster Okawaru
  5760 | D:5      | Reached skill level 8 in Short Blades
  6743 | D:6      | Reached * piety under Okawaru
  6825 | D:6      | Found an opulent altar of Gozag.
  7050 | D:7      | Noticed a hippogriff
  7065 | D:7      | Killed a hippogriff
  7065 | D:7      | Reached skill level 9 in Short Blades
  7144 | D:7      | Noticed Harold
  7200 | D:7      | Slain by Harold

Levels and vault maps discovered:
D:1:      minmay_arrival_stone_box, layout_basic, grunt_decor_fettered
D:2:      layout_basic, first_ration, tso_metal_star
D:3:      layout_basic, uniq_terence, uniq_grinder
D:4:      layout_layer_cave, serial_shops, shop_fountains,
          nicolae_shop_behind_doors, shop, nicolae_shop_waterfront,
          uniq_sigmund, uniq_edmund
D:5:      minmay_spotlight, layout_basic, minmay_temple_entry_glass,
          uniq_menkaure
D:6:      layout_loops_ring, basic_altar
D:7:      layout_loops_ring, uniq_duvessa, uniq_harold
Temple:   kilobyte_greek_temple

Skill      XL: |  1  2  3  4  5  6  7  8  9 |
---------------+----------------------------+-----
Short Blades   | 1 2 3 4 5 7 9 |  9.1
Crossbows      | 5 6 7 |  7.6
Fighting       | 3 4 5 7 8 |  8.1
Dodging        | 3 4 5 6 |  6.2
Stealth        | |  1.3

Action                   |  1- 3 |  4- 6 |  7- 9 || total
-------------------------+-------+-------+-------++-------
Melee: Short sword       |     9 |    49 |       ||    58
       Rapier            |       |       |   310 ||   310
 Fire: Hand crossbow     |    50 |    61 |   165 ||   276
  Use: Scroll            |     3 |     1 |    11 ||    15
       Potion            |       |     3 |     1 ||     4
 Stab: Sleeping          |       |     1 |     2 ||     3
       Invisible         |       |       |     2 ||     2
  Eat: Chunk             |     5 |     7 |    14 ||    26
Armor: Leather armour    |     8 |    20 |     2 ||    30
       Skin              |       |     1 |       ||     1
       Ring mail         |       |       |    62 ||    62
Dodge: Dodged            |    20 |    38 |   215 ||   273

Table legend:
 A = Non-vault XP
 B = Vault XP
 C = Vault XP percentage of total XP
 D = Non-vault monster count
 E = Vault monster count
 F = Vault count percentage of total count
                 A         B        C        D         E       F
            +---------+---------+-------+---------+---------+-------
      Total |    2243 |     996 |  30.8 |     124 |      10 |   7.5
            +---------+---------+-------+---------+---------+-------
        D:1 |      27 |       0 |   0.0 |      15 |       0 |   0.0
        D:2 |      58 |       0 |   0.0 |      19 |       0 |   0.0
        D:3 |     150 |     331 |  68.8 |      24 |       2 |   7.7
        D:4 |     345 |     384 |  52.7 |      16 |       2 |  11.1
        D:5 |     842 |     281 |  25.0 |      29 |       6 |  17.1
        D:6 |     492 |       0 |   0.0 |      17 |       0 |   0.0
        D:7 |     329 |       0 |   0.0 |       4 |       0 |   0.0
            +---------+---------+-------+---------+---------+-------
